 Dungeon Crawl Stone Soup version 0.28-a0-95-g65e1ffefe4 (webtiles) character file.

Game seed: 3025446091012131570

33 HAL9000 the Changer (level 3, -3/28 HPs)
             Began as a Draconian Transmuter on Aug 8, 2021.
             Slain by a goblin (5 damage)
             ... led by Robin
             ... on level 1 of the Dungeon.
             The game lasted 00:01:25 (1726 turns).

HAL9000 the Changer (Draconian Transmuter)          Turns: 1726, Time: 00:01:26

Health: -3/28      AC:  5    Str: 12    XL:     3   Next: 12%
Magic:  5/6        EV: 11    Int: 14    God:
Gold:   23         SH:  3    Dex: 11    Spells: 5/6 levels left

rFire   . . .      SeeInvis .     - Unarmed
rCold   . . .      Faith    .   j - +0 buckler
rNeg    . . .      Spirit   .   (armour unavailable)
rPois   .          Reflect  .   (helmet currently unavailable)
rElec   .          Harm     .   (no cloak)
rCorr   .          Rampage  .   (no gloves)
Will    .....                   (boots currently unavailable)
Stlth   +.........              (no amulet)
HPRegen 0.09/turn               (no ring)
MPRegen 0.10/turn               (no ring)

@: appendages
A: horns 2, talons 2, AC +5, unfitting armour, cold-blooded
a: End Transformation


You were on level 1 of the Dungeon.
You had temporarily grown beastly horns and talons.
You visited 1 branch of the dungeon, and saw 2 of its levels.

You collected 23 gold pieces.

Inventory:

Missiles
 i - 4 boomerangs
Armour
 j - a +0 buckler (worn)
Scrolls
 b - a scroll of fear {unknown}
 c - 2 scrolls of identify {unknown}
 e - a scroll of summoning {unknown}
 h - a scroll of enchant armour {unknown}
Potions
 a - a potion of curing {unknown}
 d - a potion of cancellation {unknown}
 f - 2 potions of berserk rage {unknown}
 g - a potion of haste {unknown}


   Skills:
 - Level 1.1 Fighting
 - Level 1.7 Dodging
 + Level 0.5 Shields
 - Level 3.0 Unarmed Combat
 - Level 2.0 Spellcasting
 - Level 3.5 Transmutations


You had 5 spell levels left.
You knew the following spells:

 Your Spells              Type           Power      Damage    Failure   Level
a - Beastly Appendage     Tmut           22%        N/A       9%          1

Your spell library contained the following spells:

 Spells                   Type           Power      Damage    Failure   Level
 Wereblood                Tmut           11%        N/A       13%         2
 Spider Form              Tmut/Pois      3%         N/A       47%         3
 Stone Arrow              Conj/Erth      2%         3d7       73%         3
 Ice Form                 Ice/Tmut       6%         N/A       87%         4
 Bolt of Magma            Conj/Fire/Erth 0%         4d4       100%        5
 Shatter                  Erth           0%         3d5*      100%        9


Dungeon Overview and Level Annotations

Branches:
Dungeon (2/15)

Altars:

Annotations:
D:2 Robin


Innate Abilities, Weirdness & Mutations

You have temporarily grown beastly horns and talons.
Your plain brown scales are hard. (AC +5)
You cannot fit into any form of body armour.
You are cold-blooded and may be slowed by cold attacks.


Message History

You hit the goblin. Your kick misses the goblin.
The goblin is severely wounded.
A goblin comes into view. It is wielding a +0 club.
The goblin hits you with a +0 dagger.
* * * LOW HITPOINT WARNING * * *
The goblin hits you with a +0 club.
* * * LOW HITPOINT WARNING * * *
The hobgoblin no longer looks unusually strong.
Something throws the goblin at you! The goblin barely misses you.
The goblin hits you but does no damage.
A goblin comes into view. It is wielding a +0 club.
You block the goblin's attack. The goblin barely misses you.
A goblin comes into view. It is wielding a +0 club.
The goblin shouts!
You hear a shout!
The goblin no longer looks unusually strong.
The goblin hits you but does no damage.
The goblins go into a battle-frenzy!
The goblin no longer looks unusually strong.
Your transformation is almost over.
The hobgoblin no longer looks unusually strong.
The goblins go into a battle-frenzy!
There is a stone staircase leading up here.
The goblin hits you with a +0 dagger.
* * * LOW HITPOINT WARNING * * *
Something throws the goblin at you!
You climb upwards.
Reactivating autopickup.
Your horns disappear.
Your talons disappear.
There is a stone staircase leading down here.
You closely miss the goblin. The goblin hits you with a +0 dagger.
* * * LOW HITPOINT WARNING * * *
Casting: Beastly Appendage (safe; 9% risk of failure)
Confirm with . or Enter, or press ? or * to list all spells.
You grow a pair of large bovine horns.
Your feet morph into talons.
The goblin hits you but does no damage.
You closely miss the goblin. Your headbutt misses the goblin.
The goblin hits you but does no damage.
You miss the goblin.
Your tail-slap misses the goblin.
The goblin hits you with a +0 dagger.
You die...

..#....# #..##.........#
..#.#########.###.........#
..#.#....รท....# #####.#####
..#.....####### #.######
..##..#.### #..#...#
..##.##...## ##......#
..##.####..#########..##...#
..##.# ##..#.............##
#'#..####.....#.@..##..####
..#####...#....g######.#
..#####.######..## #.#
..#.....##.......## #.#
..#####....#####..# #.#
..#.....#### ##.####.#
..#....## #...##.#####
..#....# ###........#
######.#### #........#


You could see a goblin (strong).

Vanquished Creatures
  2 endoplasms (D:1)
  A giant cockroach (D:1)
  4 goblins
  3 hobgoblins
  7 jackals (D:1)
  2 kobolds
  A quokka (D:1)
  3 ball pythons (D:1)
  3 frilled lizards (D:1)
  A rat (D:1)
27 creatures vanquished.

Notes
Turn   | Place    | Note
-------+----------+-------------------------------------------
     0 | D:1      | HAL9000 the Draconian Transmuter began the quest for the
                  | Orb.
     0 | D:1      | Reached XP level 1. HP: 16/16 MP: 3/3
   520 | D:1      | Reached XP level 2. HP: 23/23 MP: 3/5
  1511 | D:1      | Found a faded altar of an unknown god.
  1688 | D:2      | Reached XP level 3. HP: 27/28 MP: 4/6
  1696 | D:2      | Noticed Robin
  1726 | D:1      | Slain by a goblin

Illustrated notes

Levels and vault maps discovered:
D:1:      minmay_arrival_widening_spiral_wide, layout_rooms, serial_glass,
          glass_columns_a, glass_columns_b, hellmonk_ecumenical_altar_lost_god
D:2:      layout_basic, nrook_loot_triangle, uniq_robin

Skill      XL: |  1  2 |
---------------+-------+-----
Transmutations | 3 |  3.5
Fighting       | |  1.1
Dodging        | |  1.7
Shields        | |  0.5
Unarmed Combat | |  3.0
Spellcasting   | |  2.0

Action                   || total
-------------------------++-------
Melee: Unarmed           ||   100
       Headbutt          ||    11
       Tailslap          ||     5
       Kick              ||    14
 Cast: Beastly Appendage ||    14
Armor: Skin              ||    40
Dodge: Dodged            ||    72
Block: Buckler           ||     4

Table legend: (Time is in decaauts)
 A = Elapsed time spent in this place.
 B = Non-inter-level travel time spent in this place.
 C = Inter-level travel time spent in this place.
 D = Time resting spent in this place.
 E = Time spent auto-exploring this place.
 F = Levels seen in this place.
 G = Mean time per level.
                   A        B        C        D        E       F      G
               +--------+--------+--------+--------+--------+-----+--------+
         Total |   1721 |   1705 |     16 |    738 |    749 |   2 |  860.5 |
       Dungeon |   1721 |   1705 |     16 |    738 |    749 |   2 |  860.5 |
               +--------+--------+--------+--------+--------+-----+--------+

Top non-repeatable levels by time:
     D:1: 1605 daAuts
     D:2: 116 daAuts
